 Dungeon Crawl Stone Soup version 0.29-a0-676-ga64570c9d2 (webtiles) character file.

Game seed: 14623453660186015962

391 DocClef the Shield-Bearer (level 6, -9/53 HPs)
             Began as a Gnoll Fighter on June 24, 2022.
             Mangled by Pikel
             ... wielding a +2 whip of electrocution
              (13 damage)
             ... on level 5 of the Dungeon.
             The game lasted 00:04:25 (4002 turns).

DocClef the Shield-Bearer (Gnoll Fighter)           Turns: 4002, Time: 00:04:25

Health: -9/53      AC: 10    Str: 21    XL:     6   Next: 80%
Magic:  9/9        EV: 10    Int:  7    God:
Gold:   252        SH:  5    Dex: 10    Spells: 9/9 levels left

rFire   . . .      SeeInvis +   p - +7 dagger of Contradiction {speed, SInv}
rCold   . . .      Faith    .   c - +0 buckler
rNeg    . . .      Spirit   .   b - +0 scale mail
rPois   .          Reflect  .   (no helmet)
rElec   .          Harm     .   l - +1 cloak
rCorr   .          Rampage  .   (no gloves)
Will    .....                   (no boots)
Stlth   ..........              (no amulet)
HPRegen 0.17/turn               (no ring)
MPRegen 0.11/turn               (no ring)

@: no status effects
A: fangs 1, strong nose, distributed training, strong 1
a: no special abilities


You were on level 5 of the Dungeon.
You visited 1 branch of the dungeon, and saw 5 of its levels.

You collected 252 gold pieces.

Inventory:

Hand Weapons
 a - a +0 vampiric flail
 j - a +2 glaive of flaming
 p - the +7 dagger of Contradiction (weapon) {speed, SInv}
   (You found it on level 2 of the Dungeon)

   Attacks with this weapon are significantly faster.
   SInv:      It lets you see invisible.
Missiles
 g - 6 curare-tipped darts (quivered)
Armour
 b - a +0 scale mail (worn)
 c - a +0 buckler (worn)
 l - a +1 cloak (worn)
Jewellery
 k - a ring of ice
 r - a +6 ring of intelligence
 s - a +6 ring of dexterity
Scrolls
 f - a scroll of vulnerability
 h - 2 scrolls of teleportation
 m - 2 scrolls of identify
 t - a scroll of amnesia
Potions
 d - 2 potions of might
 e - 3 potions of brilliance
 i - a potion of lignification


   Skills:
 + Level 6.9 Fighting
 + Level 2.1 Short Blades
 + Level 2.1 Long Blades
 + Level 2.1 Axes
 + Level 5.0 Maces & Flails
 + Level 2.1 Polearms
 + Level 2.1 Staves
 + Level 2.1 Slings
 + Level 2.1 Bows
 + Level 2.1 Crossbows
 + Level 2.1 Throwing
 + Level 6.9 Armour
 + Level 2.1 Dodging
 + Level 2.1 Stealth
 + Level 6.9 Shields
 + Level 2.1 Unarmed Combat
 + Level 2.1 Spellcasting
 + Level 1.6 Conjurations
 + Level 1.6 Hexes
 + Level 1.6 Summonings
 + Level 1.6 Necromancy
 + Level 1.6 Translocations
 + Level 1.6 Transmutations
 + Level 1.6 Fire Magic
 + Level 1.6 Ice Magic
 + Level 1.6 Air Magic
 + Level 1.6 Earth Magic
 + Level 1.6 Poison Magic
 + Level 2.3 Invocations
 + Level 2.1 Evocations


You had 9 spell levels left.
You didn't know any spells.
Your spell library contained the following spells:

 Spells                   Type           Power      Damage    Failure   Level
 Sting                    Tmut/Pois      12%        1d3       52%         1
 Summon Small Mammal      Summ           12%        N/A       52%         1
 Poisonous Vapours        Pois/Air       6%         N/A       65%         2
 Call Canine Familiar     Summ           3%         N/A       87%         3
 Dazzling Flash           Conj/Hex       6%         N/A       87%         3
 Summon Guardian Golem    Hex/Summ       3%         N/A       87%         3
 Iskenderun's Mystic Bla  Conj/Tloc      3%         2d3       99%         4
 Olgreb's Toxic Radiance  Pois           3%         N/A       99%         4
 Starburst                Conj/Fire      1%         6d3       100%        6


Dungeon Overview and Level Annotations

Branches:
Dungeon (5/15)
 Temple: D:4-7

Altars:
Elyvilon
The Shining One

Annotations:
D:5 Pikel


Innate Abilities, Weirdness & Mutations

You have very sharp teeth.
Your uncanny sense of smell can sniff out nearby items.
Your experience applies equally to all skills.
Your muscles are strong. (Str +4, Int/Dex-1)


Message History

The lemure moves out of view.
You barely miss the lemure.
Pikel hits you with a +2 whip of electrocution.
You hit Pikel.
Pikel is lightly wounded.
Pikel hits you but does no damage.
You hit Pikel but do no damage.
Pikel is lightly wounded.
You hit Pikel.
Pikel is lightly wounded.
Pikel hits you with a +2 whip of electrocution!
You hit Pikel.
Pikel is lightly wounded.
You barely miss Pikel.
Pikel is lightly wounded.
You block Pikel's attack.
You barely miss Pikel. Your bite misses Pikel.
Pikel is lightly wounded.
Pikel hits you with a +2 whip of electrocution.
You barely miss Pikel.
Pikel is lightly wounded.
You hit Pikel but do no damage.
Pikel is lightly wounded.
Pikel hits you with a +2 whip of electrocution!
You are electrocuted!
* * * LOW HITPOINT WARNING * * *
You are too injured to fight recklessly!
You are too injured to fight recklessly!
You are too injured to fight recklessly!
You are too injured to fight recklessly!
You are too injured to fight recklessly!
You are too injured to fight recklessly!
You are too injured to fight recklessly!
You are too injured to fight recklessly!
You hit Pikel but do no damage.
Pikel is lightly wounded.
Pikel hits you with a +2 whip of electrocution.
* * * LOW HITPOINT WARNING * * *
You are electrocuted!
You die...

#. .# #. #.##!
##.##......
..###...#.)....
......#5..5....
#.55# ###S# #K#
#@# #.# #.# #<#
#.# ... ....#
.....# #######


You could see Pikel, 3 lemures and an adder.

Vanquished Creatures
  A lemure (D:5)
  A phantom (D:4)
  A necrophage (D:4)
  An orc priest (D:3)
  Crazy Yiuf (D:3)
  3 iguanas (D:4)
  3 gnolls
  An adder (D:4)
  2 ufetubi (D:4)
  2 dart slugs
  2 orcs (D:3)
  5 bats
  4 endoplasms
  3 giant cockroaches
  10 goblins
  8 hobgoblins
  6 jackals
  3 quokkas
  5 ball pythons
  3 frilled lizards
  7 kobolds
  2 rats
  A spectral kobold (D:1)
75 creatures vanquished.

Notes
Turn   | Place    | Note
-------+----------+-------------------------------------------
     0 | D:1      | DocClef the Gnoll Fighter began the quest for the Orb.
     0 | D:1      | Reached XP level 1. HP: 23/23 MP: 1/1
   214 | D:1      | Reached XP level 2. HP: 29/29 MP: 2/2
   495 | D:1      | Found a faded altar of an unknown god.
   526 | D:1      | Reached XP level 3. HP: 33/35 MP: 3/3
   699 | D:1      | Reached skill level 1 in Invocations
  1168 | D:3      | Reached skill level 1 in Short Blades
  1168 | D:3      | Reached skill level 1 in Long Blades
  1168 | D:3      | Reached skill level 1 in Axes
  1168 | D:3      | Reached skill level 1 in Polearms
  1168 | D:3      | Reached skill level 1 in Staves
  1168 | D:3      | Reached skill level 1 in Slings
  1168 | D:3      | Reached skill level 1 in Bows
  1168 | D:3      | Reached skill level 1 in Crossbows
  1168 | D:3      | Reached skill level 1 in Throwing
  1168 | D:3      | Reached skill level 1 in Dodging
  1168 | D:3      | Reached skill level 1 in Stealth
  1168 | D:3      | Reached skill level 1 in Unarmed Combat
  1168 | D:3      | Reached skill level 1 in Spellcasting
  1168 | D:3      | Reached skill level 1 in Evocations
  1398 | D:3      | Found a runed translucent door.
  1399 | D:3      | Noticed Crazy Yiuf
  1486 | D:3      | Reached XP level 4. HP: 41/41 MP: 5/5
  1868 | D:2      | Found a glowing golden altar of the Shining One.
  2354 | D:3      | Reached skill level 1 in Conjurations
  2354 | D:3      | Reached skill level 1 in Hexes
  2354 | D:3      | Reached skill level 1 in Summonings
  2354 | D:3      | Reached skill level 1 in Necromancy
  2354 | D:3      | Reached skill level 1 in Translocations
  2354 | D:3      | Reached skill level 1 in Transmutations
  2354 | D:3      | Reached skill level 1 in Fire Magic
  2354 | D:3      | Reached skill level 1 in Ice Magic
  2354 | D:3      | Reached skill level 1 in Air Magic
  2354 | D:3      | Reached skill level 1 in Earth Magic
  2354 | D:3      | Reached skill level 1 in Poison Magic
  2434 | D:3      | Identified a scroll of acquirement
  2434 | D:3      | Acquired a +2 glaive of flaming
  2446 | D:3      | Gained mutation: Your muscles are strong. (Str +4,
                  | Int/Dex-1) [potion of mutation]
  2616 | D:3      | Reached XP level 5. HP: 29/47 MP: 5/7
  3013 | D:3      | Killed Crazy Yiuf
  3252 | D:4      | Found a white marble altar of Elyvilon.
  3347 | D:4      | Reached XP level 6. HP: 50/53 MP: 8/8
  3486 | D:4      | Reached skill level 5 in Maces & Flails
  3683 | D:2      | Identified the +7 dagger of Contradiction {speed, SInv}
  3924 | D:5      | Entered Level 5 of the Dungeon
  3986 | D:5      | Noticed Pikel
  4002 | D:5      | Mangled by Pikel

Illustrated notes

Levels and vault maps discovered:
D:1:      dpeg_arrival_morbid_curiosity, layout_loops_ring,
          dreamdust_ecumenical_altar_drowned_temple
D:2:      layout_rooms, basic_altar
D:3:      layout_loops_cross, patterned_corridor, uniq_crazy_yiuf_cottage
D:4:      layout_rooms, mainiacjoe_overflow_24_doors
D:5:      minmay_general_purpose_star, layout_loops_ring, vehumet_crystals,
          nicolae_ru_sacrificial_ziggurat, minmay_temple_entry_wispy,
          minmay_ogre_servants, uniq_blork_the_orc, uniq_sigmund, uniq_pikel

Skill      XL: |  1  2  3  4  5  6 |
---------------+-------------------+-----
Invocations    | 1 2 |  2.3
Short Blades   | 1 2 |  2.1
Long Blades    | 1 2 |  2.1
Axes           | 1 2 |  2.1
Polearms       | 1 2 |  2.1
Staves         | 1 2 |  2.1
Slings         | 1 2 |  2.1
Bows           | 1 2 |  2.1
Crossbows      | 1 2 |  2.1
Throwing       | 1 2 |  2.1
Dodging        | 1 2 |  2.1
Stealth        | 1 2 |  2.1
Unarmed Combat | 1 2 |  2.1
Spellcasting   | 1 2 |  2.1
Evocations     | 1 2 |  2.1
Conjurations   | 1 |  1.6
Hexes          | 1 |  1.6
Summonings     | 1 |  1.6
Necromancy     | 1 |  1.6
Translocations | 1 |  1.6
Transmutations | 1 |  1.6
Fire Magic     | 1 |  1.6
Ice Magic      | 1 |  1.6
Air Magic      | 1 |  1.6
Earth Magic    | 1 |  1.6
Poison Magic   | 1 |  1.6
Maces & Flails | 5 |  5.0
Fighting       | |  6.9
Armour         | |  6.9
Shields        | |  6.9

Action                   |  1- 3 |  4- 6 || total
-------------------------+-------+-------++-------
Melee: Flail             |   128 |    53 ||   181
       Bite              |    12 |    10 ||    22
       Glaive            |       |    48 ||    48
       Dagger            |       |    24 ||    24
  Use: Scroll            |       |    14 ||    14
       Potion            |       |     4 ||     4
Armor: Scale mail        |    80 |    43 ||   123
Dodge: Dodged            |    80 |    57 ||   137
Block: Buckler           |    48 |    17 ||    65

Table legend: (Time is in decaauts)
 A = Elapsed time spent in this place.
 B = Non-inter-level travel time spent in this place.
 C = Inter-level travel time spent in this place.
 D = Time resting spent in this place.
 E = Time spent auto-exploring this place.
 F = Levels seen in this place.
 G = Mean time per level.
                   A        B        C        D        E       F      G
               +--------+--------+--------+--------+--------+-----+--------+
         Total |   4067 |   3774 |    293 |    313 |   2806 |   5 |  813.4 |
       Dungeon |   4067 |   3774 |    293 |    313 |   2806 |   5 |  813.4 |
               +--------+--------+--------+--------+--------+-----+--------+

Top non-repeatable levels by time:
     D:3: 1546 daAuts
     D:1: 1078 daAuts
     D:4: 742 daAuts
     D:2: 630 daAuts
     D:5: 70 daAuts
